 Dungeon Crawl Stone Soup version 0.26.1-11-gd32895ea62 (webtiles) character file.

Game seed: 1437835407844224229

49 DildoBatman the Conjurer (level 4, 0/30 HPs)
             Began as a Formicid Conjurer on July 24, 2021.
             Slain by a kobold
             ... wielding a +0 club
              (2 damage)
             ... on level 2 of the Dungeon.
             The game lasted 00:03:29 (1146 turns).

DildoBatman the Conjurer (Formicid Conjurer)        Turns: 1146, Time: 00:03:29

Health: 0/30       AC:  3    Str: 12    XL:     4   Next: 1%
Magic:  6/7        EV: 12    Int: 17    God:
Gold:   68         SH:  0    Dex: 16    Spells: 4/7 levels left

rFire    . . .     SeeInvis +   a - +0 hunting sling
rCold    . . .     Faith    .   (no shield)
rNeg     . . .     Spirit   .   d - +0 robe
rPois    .         Reflect  .   (helmet unavailable)
rElec    .         Harm     .   (no cloak)
rCorr    .         Rampage  .   k - +0 pair of gloves
Will     .....                  (no boots)
Stlth    ++........             (no amulet)
HPRegen  0.10/turn              i - +6 ring of dexterity
MPRegen  0.10/turn              (no ring)

@: lethally poisoned (0 -> -5)
A: permanent stasis, dig shafts and tunnels, four strong arms, antennae 3
a: Dig, Shaft Self


You were on level 2 of the Dungeon.
You visited 1 branch of the dungeon, and saw 2 of its levels.

You collected 68 gold pieces.

Inventory:

Hand Weapons
 a - a +0 hunting sling (weapon)
Missiles
 g - 82 stones (quivered ammo)
 s - 15 bolts
Armour
 d - a +0 robe (worn)
 k - a +0 pair of gloves (worn)
Jewellery
 i - a +6 ring of dexterity (left hand)
Wands
 j - a wand of acid (4)
Scrolls
 c - a scroll of immolation {unknown}
 f - a scroll of remove curse {unknown}
 h - a scroll of identify {unknown}
 l - a scroll of enchant weapon {unknown}
 m - a scroll of amnesia {unknown}
 n - a scroll of noise {unknown}
 p - 2 scrolls of fog {unknown}
 r - a scroll of enchant armour {unknown}
Potions
 e - a potion of berserk rage {unknown}
 o - a potion of heal wounds {unknown}
 q - a potion of lignification {unknown}


   Skills:
 - Level 1.7 Dodging
 - Level 2.4 Stealth
 - Level 2.1 Spellcasting
 * Level 4.8 Conjurations


You had 4 spell levels left.
You knew the following spells:

 Your Spells              Type           Power        Failure   Level
a - Searing Ray           Conj           36%          3%          2
c - Magic Dart            Conj           72%          2%          1

Your spell library contained the following spells:

 Spells                   Type           Power        Failure   Level
 Dazzling Flash           Conj/Hex       20%          22%         3
 Fulminant Prism          Conj/Hex       5%           56%         4
 Iskenderun's Mystic Bla  Conj/Tloc      10%          56%         4


Dungeon Overview and Level Annotations

Branches:
Dungeon (2/15)

Altars:

Annotations:
D:1 exclusion: lindwurm


Innate Abilities, Weirdness & Mutations

You cannot be hasted, slowed, berserked, paralysed or teleported.
You can dig through walls and to a lower floor.
Your four strong arms can wield two-handed weapons with a shield.
You have a pair of large antennae on your head. (SInv)


Message History

r - Retreat! s - Stop attacking. g - Guard the area. f - Follow me.
Anything else - Cancel.
You shout for attention!
You feel sick. The adder completely misses you.
The hobgoblin closely misses you. The kobold barely misses you.
The adder barely misses you. What are your orders? t - Shout!
Orders for allies: a - Attack new target. r - Retreat! s - Stop attacking. g - Guard the area. f - Follow me.
Anything else - Cancel.
You shout for attention!
The hobgoblin hits you with a +0 club. The adder closely misses you.
The kobold hits you with a +0 club.
You die...

### ### ##### .. ...
.... ##.####.####.####
'.'..#.#..'.' .#.#
#.#..#.#..#.#..#.#.
#(#'##.#'##.#'##.#'##.#.
......g@S.............#.
#.#
#.#'##K#'##.#'##†#'##.#.
..#.#.# #.#..#.#..#.#
#.#. #.#.#.#
#.#..'.+.[#.# #.#.
#.#.#.###
#.####.####.####.#.
....#... ..
...............
....#.#######
##################.
................
................
......###### #.#
#.........######


You could see an adder, a hobgoblin and a kobold.

Vanquished Creatures
  An adder (D:2)
  2 dart slugs (D:2)
  A leopard gecko (D:2)
  8 bats
  3 giant cockroaches (D:2)
  2 goblins (D:1)
  4 hobgoblins
  A quokka (D:2)
  A frilled lizard (D:2)
  8 kobolds
  3 rats
34 creatures vanquished.

Notes
Turn   | Place    | Note
-------+----------+-------------------------------------------
     0 | D:1      | DildoBatman the Formicid Conjurer began the quest for the
                  | Orb.
     0 | D:1      | Reached XP level 1. HP: 13/13 MP: 3/3
     6 | D:1      | Noticed a swamp drake
     6 | D:1      | Noticed a snapping turtle
     6 | D:1      | Noticed a wolf
     7 | D:1      | Noticed a lindwurm
     7 | D:1      | Noticed a salamander
   309 | D:1      | Reached skill level 4 in Conjurations
   309 | D:1      | Reached XP level 2. HP: 19/19 MP: 3/5
   312 | D:1      | Learned a level 2 spell: Searing Ray
   796 | D:2      | Reached XP level 3. HP: 16/24 MP: 2/6
  1120 | D:2      | Reached XP level 4. HP: 30/30 MP: 4/7
  1146 | D:2      | Slain by a kobold

Illustrated notes

Levels and vault maps discovered:
D:1:      onia_arrival_zoo_common, layout_loops_cross
D:2:      minmay_door_path, layout_basic, kennysheep_nub, minmay_circled_x

Skill      XL: |  1 |
---------------+----+-----
Conjurations   | 4 |  4.8
Dodging        | |  1.7
Stealth        | |  2.4
Spellcasting   | |  2.1

Action                   |  1- 3 |  4- 6 || total
-------------------------+-------+-------++-------
Melee: Short sword       |    15 |       ||    15
       Unarmed           |     1 |       ||     1
 Fire: Hunting sling     |     8 |       ||     8
 Cast: Magic Dart        |    28 |       ||    28
       Searing Ray       |     5 |       ||     5
 Abil: Dig               |     1 |       ||     1
Armor: Robe              |    10 |     9 ||    19
Dodge: Dodged            |    29 |    25 ||    54
